Map: Lost and Found LE

Players

Dutchkid

  • Race: Zerg Zerg
  • League: Diamond
  • Spawn Location: 7:00

Cellsidus - Winner!

  • Race: Zerg Zerg
  • League: Master
  • Spawn Location: 1:00

VOD

Have the link to the VOD?

Description

Time

  • Played on: May 17, 2018, 11:11 a.m.
  • Length: 18:04
Show
View Real Time Build Order
Export as new Build Order

Dutchkid Zerg 

Build Orders: Hatch First, Lurkers, Zergling Baneling 

Get SALT Encoding   

  12  0:01  Drone  
  13  0:12  Overlord  
  13  0:16  Drone  
  14  0:30  Drone  
  14  0:31  Drone  
  14  0:35  Drone  
  17  0:51  Hatchery  
  17  0:55  Drone, Extractor  
  16  1:00  Drone  
  17  1:14  Spawning Pool  
  17  1:17  Drone  
  17  1:20  Drone  
  18  1:28  Drone  
  19  1:39  Overlord  
  19  1:50  Drone  
  20  2:00  Queen  
  20  2:01  Metabolic Boost  
  22  2:03  Queen  
  22  2:04  Zergling x2  
  22  2:08  Zergling x2  
  26  2:12  Drone  
  27  2:22  Drone  
  28  2:31  Drone x2  
  28  2:37  Baneling Nest  
  29  2:41  Drone x2  
  29  2:43  Overlord  
  31  2:51  Drone  
  32  3:10  Zergling x2  
  32  3:11  Zergling x18  
  42  3:20  Baneling  
  42  3:21  Baneling x3  
  42  3:24  Overlord x2  
  42  3:38  Hatchery  
  41  3:55  Zergling x8  
  33  3:56  Zergling x10  
  41  4:05  Extractor  
  41  4:09  Drone x2  
  42  4:10  Roach Warren  
  42  4:11  Baneling  
  42  4:12  Baneling  
  42  4:13  Evolution Chamber, Baneling x2  
  42  4:15  Baneling  
  37  4:52  Zergling x2  
  37  4:53  Zergling x22  
  37  4:58  Zerg Missile Weapons Level 1  
  48  5:05  Roach  
  48  5:06  Roach  
  49  5:20  Queen  
  51  5:23  Drone x5  
  51  5:24  Drone x3  
  59  5:30  Drone  
  60  5:36  Extractor  
  56  5:52  Roach x6  
  63  5:57  Drone x3, Extractor  
  63  6:00  Drone  
  64  6:10  Lair  
  59  6:12  Drone x3  
  59  6:17  Drone x3  
  63  6:20  Drone  
  64  6:26  Overlord  
  64  6:27  Overlord  
  64  6:35  Drone x2  
  64  6:36  Overlord  
  66  6:45  Roach x3  
  66  6:46  Roach  
  74  7:00  Roach x2  
  74  7:01  Roach x4  
  86  7:05  Overlord  
  86  7:08  Glial Reconstitution  
  86  7:12  Zerg Missile Weapons Level 2  
  86  7:20  Overlord x2  
  86  7:23  Drone x3  
  86  7:25  Drone  
  86  7:54  Roach x10  
  86  7:55  Roach x3  
  112  8:01  Extractor  
  111  8:11  Overlord x2  
  111  8:14  Overlord  
  111  8:18  Hatchery  
  111  8:19  Drone  
  112  8:20  Drone x2  
  112  8:26  Pneumatized Carapace  
  113  8:28  Hydralisk Den, Overseer  
  112  8:37  Roach x4  
  112  8:41  Ravager x5  
  124  8:44  Overlord  
  125  9:07  Drone x6  
  131  9:22  Lurker Den  
  131  9:23  Grooved Spines  
  130  9:28  Zerg Ground Armor Level 1  
  130  9:56  Overlord x7  
  130  10:02  Queen  
  130  10:04  Drone x12  
  130  10:06  Overlord x3  
  144  10:17  Hydralisk x6  
  156  10:21  Overlord  
  156  10:23  Overlord  
  156  10:32  Hydralisk x2  
  156  10:33  Hydralisk  
  156  10:35  Extractor  
  161  10:37  Ravager x7  
  161  10:38  Ravager x3, Extractor  
  170  10:46  Muscular Augments  
  170  11:02  Hydralisk x4  
  178  11:20  Drone x3  
  178  11:21  Drone x3  
  184  11:27  Lurker x3  
  184  11:30  Lurker  
  183  12:08  Roach x11  
  187  12:31  Drone x7  
  188  12:45  Hydralisk  
  188  12:46  Hydralisk x6  
  200  12:51  Zerg Ground Armor Level 2  
  175  13:07  Hydralisk x5  
  175  13:08  Hydralisk x3  
  191  13:14  Infestation Pit  
  191  13:16  Lurker  
  191  13:17  Lurker x5  
  186  13:43  Overlord x5  
  186  13:50  Hive  
  186  13:54  Evolution Chamber  
  181  14:07  Overseer  
  181  14:09  Overseer  
  174  14:12  Drone x2  
  174  14:13  Drone x4  
  174  14:14  Drone x10  
  159  14:33  Roach x10  
  167  14:42  Hydralisk  
  167  14:43  Hydralisk x3  
  117  15:03  Roach x3  
  117  15:04  Roach x7  
  117  15:06  Queen  
  115  15:09  Queen  
  115  15:13  Overseer  
  109  15:15  Overseer x2  
  109  15:16  Overseer  
  109  15:25  Zerg Melee Weapons Level 1, Ultralisk Cavern  
  108  15:29  Hydralisk x8  
  121  15:47  Roach x14  
  148  15:56  Lurker  
  148  15:57  Lurker x2  
  118  16:06  Roach  
  118  16:07  Roach x2  
  118  16:08  Roach  
  121  16:18  Roach x3  
  116  16:33  Hatchery, Extractor  
  116  16:35  Lurker  
  116  16:38  Extractor  
  114  17:13  Ultralisk  
Show
View Real Time Build Order
Export as new Build Order

Cellsidus Zerg - Winner!

Build Orders: Hatch First, Lurkers 

Get SALT Encoding   

  12  0:00  Drone  
  13  0:13  Overlord  
  13  0:21  Drone  
  14  0:31  Drone x2  
  16  0:36  Drone  
  17  0:52  Hatchery  
  17  0:55  Drone  
  17  0:58  Drone  
  18  1:11  Extractor  
  17  1:13  Spawning Pool  
  17  1:16  Drone  
  17  1:20  Drone  
  18  1:29  Drone  
  19  1:41  Drone  
  20  1:50  Overlord  
  20  2:01  Overlord  
  20  2:04  Queen x2  
  20  2:05  Zergling x2  
  25  2:12  Zergling x2  
  25  2:14  Metabolic Boost  
  26  2:16  Drone  
  27  2:23  Drone  
  27  2:26  Drone  
  29  2:31  Baneling Nest  
  29  2:33  Drone  
  29  2:36  Drone  
  30  2:55  Hatchery  
  29  2:59  Drone x2  
  29  3:01  Drone  
  29  3:03  Drone  
  33  3:07  Zergling x2  
  34  3:16  Zergling x6  
  34  3:17  Zergling x2  
  38  3:20  Zergling x4  
  38  3:25  Overlord  
  40  3:28  Baneling x3  
  40  3:30  Zergling x2  
  41  3:35  Zergling x4  
  41  3:37  Baneling  
  41  3:38  Baneling  
  41  3:39  Baneling  
  41  3:40  Baneling  
  43  3:55  Zergling x14  
  47  4:08  Drone x3  
  47  4:09  Overlord  
  50  4:18  Drone  
  50  4:19  Drone x2  
  50  4:21  Queen  
  50  4:23  Drone  
  55  4:44  Zergling x4  
  55  4:45  Zergling x4  
  57  4:46  Drone x3  
  57  4:47  Drone x3  
  57  4:51  Roach Warren  
  57  4:52  Extractor  
  53  4:53  Evolution Chamber, Extractor  
  51  5:05  Drone x2  
  52  5:07  Drone x3  
  52  5:08  Drone x2  
  52  5:11  Drone  
  58  5:14  Overlord x2  
  58  5:16  Drone  
  58  5:17  Extractor  
  58  5:20  Zergling x2  
  57  5:24  Zerg Missile Weapons Level 1  
  57  5:26  Zergling x4  
  57  5:27  Zergling x6  
  57  5:28  Zergling x2  
  63  5:34  Zergling x8  
  65  5:42  Roach  
  67  5:43  Roach  
  67  5:46  Roach  
  67  5:47  Roach x2  
  65  5:55  Roach x2  
  64  6:01  Roach  
  64  6:02  Roach x4  
  59  6:11  Roach x2  
  58  6:24  Drone x5  
  63  6:25  Drone  
  63  6:31  Drone x3  
  67  6:33  Drone  
  67  6:39  Drone  
  70  6:40  Drone x2  
  70  6:44  Roach  
  70  6:45  Roach  
  75  6:47  Roach  
  77  6:54  Drone x2  
  77  6:56  Drone  
  77  7:00  Overlord  
  77  7:01  Overlord x2  
  80  7:06  Lair  
  80  7:15  Drone  
  81  7:18  Queen  
  81  7:20  Roach x2  
  81  7:21  Roach x2  
  91  7:23  Roach  
  93  7:31  Roach x2  
  93  7:32  Roach  
  93  7:33  Roach  
  101  7:46  Roach x3  
  103  7:52  Queen  
  105  7:59  Overlord x3  
  105  8:11  Zerg Missile Weapons Level 2  
  105  8:20  Drone  
  105  8:21  Hydralisk Den  
  105  8:24  Drone  
  106  8:27  Drone x2  
  106  8:30  Drone x2  
  106  8:31  Roach x4  
  106  8:32  Roach x5  
  128  8:38  Zergling x2  
  128  8:40  Overlord  
  129  8:51  Grooved Spines  
  129  9:00  Hatchery  
  128  9:02  Overlord  
  128  9:03  Overlord  
  128  9:05  Baneling x3  
  128  9:14  Overlord  
  128  9:15  Overlord  
  128  9:22  Roach x4  
  136  9:39  Roach x4  
  136  9:40  Overlord  
  136  9:41  Overlord x4  
  144  9:59  Roach x3  
  154  10:00  Roach x7  
  154  10:01  Roach x2  
  154  10:03  Ravager x7  
  154  10:05  Roach x2  
  179  10:17  Extractor  
  179  10:18  Extractor  
  179  10:19  Roach x3  
  183  10:28  Zerg Ground Armor Level 1  
  183  10:44  Overlord x3  
  183  10:52  Overlord x3  
  183  11:08  Drone, Lurker Den  
  183  11:09  Drone x3  
  183  11:10  Drone x3  
  183  11:11  Drone x3  
  192  11:12  Drone x3  
  192  11:13  Drone  
  196  11:25  Hatchery, Muscular Augments  
  182  12:01  Hydralisk  
  182  12:02  Hydralisk x7  
  182  12:03  Hydralisk  
  171  12:18  Hydralisk x2  
  171  12:19  Hydralisk x3  
  171  12:20  Roach x5  
  171  12:21  Roach x2  
  191  12:30  Hydralisk  
  191  12:35  Lurker x4  
  180  12:47  Hydralisk x5  
  180  12:48  Roach x4  
  170  13:08  Lurker x3  
  170  13:12  Roach x5  
  183  13:15  Zergling x10  
  183  13:16  Zergling x4  
  190  13:26  Drone x3  
  190  13:55  Overseer x3  
  186  14:04  Hydralisk x2  
  186  14:05  Roach x2, Hydralisk x2, Zergling x4  
  176  14:34  Hydralisk x2  
  176  14:35  Roach x3, Hydralisk x2, Zergling x8  
  161  14:46  Hydralisk, Zergling x2  
  161  14:47  Roach  
  159  15:02  Roach x2, Hydralisk, Zergling x2  
  152  15:14  Hydralisk, Zergling x2  
  152  15:15  Roach  
  157  15:27  Roach, Zergling x4  
  161  15:34  Hatchery  
  153  15:44  Hatchery  
  153  15:46  Roach, Hydralisk x2, Zergling x6  
  158  15:58  Roach, Hydralisk x3, Zergling x8  
  158  15:59  Roach x2, Zergling x2  
  169  16:04  Zergling x2  
  169  16:10  Hydralisk  
  169  16:11  Zergling x2  
  170  16:20  Lurker x7  
  170  16:24  Roach, Hydralisk x3, Zergling x6  
  170  16:25  Roach x2, Zergling x2  
  192  16:31  Infestation Pit  
  191  16:46  Drone x2  
  193  16:49  Extractor  
  193  16:50  Extractor  
  188  17:19  Drone x3  
  188  17:20  Drone x2  
  193  17:24  Drone x6  
  167  17:39  Hydralisk x4, Zergling x2  
  167  17:40  Roach x3, Hydralisk x2, Zergling x8  
  167  17:41  Roach x2  
Tags
 
Add a new tag
Caveats
  • Supply blocks, unpowered buildings, or Contaminate may cause inaccurate times.
  • Supply counts are checked every 10 seconds.